 Dungeon Crawl Stone Soup version 0.20-a0-629-gc37eb77 (webtiles) character file.

221 Messajah the Archer (level 5, -3/41 HPs)
             Began as a Centaur Hunter on Feb 10, 2017.
             Slain by an orc
             ... wielding a +0 short sword
              (4 damage)
             ... on level 3 of the Dungeon.
             The game lasted 00:16:10 (2806 turns).

Messajah the Archer (Centaur Hunter)                Turns: 2806, Time: 00:16:10

Health: -3/41      AC:  7    Str: 15    XL:     5   Next: 65%
Magic:  5/5        EV:  9    Int: 10    God:
Gold:   45         SH:  0    Dex: 10    Spells: 4/4 levels left

rFire    . . .     SeeInvis .   b - +0 short sword
rCold    . . .     Gourm    .   r - +0 robe (curse)
rNeg     . . .     Faith    .   (no shield)
rPois    .         Spirit   .   (no helmet)
rElec    .         Reflect  .   e - +1 cloak
rCorr    .         Harm     .   n - +0 pair of gloves
MR       .....                  (no barding)
Stlth    +.........             (no amulet)
Regen    0.2/turn               (no ring)
                                (no ring)

@: very quick
A: hooves 3, deformed body, speed 2, tough skin 3
a: no special abilities


You were on level 3 of the Dungeon.
You were not hungry.

You visited 1 branch of the dungeon, and saw 3 of its levels.

You collected 45 gold pieces.

Inventory:

Hand Weapons
 a - a +1 shortbow
 b - a +0 short sword (weapon)
Missiles
 d - 35 arrows
Armour
 c - a +0 leather armour
 e - a +1 cloak (worn)
 i - a +0 scale mail
 j - a +0 leather armour
 n - a +0 pair of gloves (worn)
 r - a cursed +0 robe (worn)
Jewellery
 k - a +2 ring of intelligence {unknown}
Scrolls
 m - a scroll of enchant armour {unknown}
 q - a scroll of blinking {unknown}
 s - a scroll of immolation {unknown}
Potions
 o - a potion of lignification {unknown}
 p - a potion of flight {unknown}
 t - a potion of curing {unknown}
 u - a potion of mutation {unknown}
 v - a potion of berserk rage {unknown}
Comestibles
 f - 2 bread rations
 g - 6 fruits
 l - a royal jelly


   Skills:
 - Level 2.0 Fighting
 + Level 9.2 Bows
 - Level 1.3 Dodging
 - Level 0.4 Stealth


You had 4 spell levels left.
You didn't know any spells.

Dungeon Overview and Level Annotations

Branches:
Dungeon (3/15)

Altars:
Cheibriados
Xom


Innate Abilities, Weirdness & Mutations

You have hooves in place of feet.
Armour fits poorly on your strangely shaped body.
You cover ground very quickly.
You have extremely tough skin. (AC +3)


Message History

* * * LOW HITPOINT WARNING * * *
The kobold barely misses you.
The leopard gecko bites you but does no damage.
The orc barely misses you. The kobold closely misses you.
You hit the kobold.
You kill the kobold!
The leopard gecko bites you.
* * * LOW HITPOINT WARNING * * *
The orc barely misses you. The leopard gecko bites you.
* * * LOW HITPOINT WARNING * * *
You closely miss the quokka. You kick the quokka.
The quokka is moderately wounded.
The quokka closely misses you. The orc hits you with a short sword.
* * * LOW HITPOINT WARNING * * *
The leopard gecko completely misses you.
The orc barely misses you.
You miss the quokka. You kick the quokka.
The quokka is severely wounded.
The quokka closely misses you. The orc hits you with a short sword.
You die...

.# #.#.#.#.#.##
...#
....?......####
##.#
#.#.#.#.#.#.... #
...
.......$....###
.. ..#
#.#.#.#=#.#.# ##
......!>...(ogK.#
#
...#.#.#.#s#w###
#
.#######ro#######


#l@oooor.. ########## You could see a worm, 6 orcs, a leopard gecko, a quokka, a
giant cockroach, a hobgoblin, a kobold and a rat.

Vanquished Creatures
  Natasha (thrice) (D:2)
  3 gnolls (D:2)
  A howler monkey zombie (D:3)
  3 adders
  An ooze (D:1)
  2 worms (D:2)
  4 dart slugs
  A leopard gecko (D:3)
  An orc (D:3)
  2 ball pythons (D:2)
  6 giant cockroaches
  6 goblins
  5 hobgoblins
  9 kobolds
  6 bats
  3 frilled lizards (D:1)
  8 rats
64 creatures vanquished.

Notes
Turn   | Place    | Note
-------+----------+-------------------------------------------
     0 | D:1      | Messajah the Centaur Hunter began the quest for the Orb.
     0 | D:1      | Reached XP level 1. HP: 17/17 MP: 1/1
   136 | D:1      | Reached XP level 2. HP: 24/24 MP: 2/2
   165 | D:1      | Reached skill level 6 in Bows
   471 | D:1      | Reached XP level 3. HP: 28/29 MP: 3/3
  1047 | D:2      | Reached skill level 7 in Bows
  1438 | D:2      | Reached XP level 4. HP: 32/36 MP: 4/4
  1469 | D:2      | Noticed Natasha
  1531 | D:2      | Killed Natasha
  1558 | D:2      | Noticed Natasha
  1563 | D:2      | Killed Natasha
  1563 | D:2      | Reached skill level 8 in Bows
  1724 | D:2      | Found a shimmering altar of Xom.
  1858 | D:2      | Noticed Natasha
  1879 | D:2      | Killed Natasha
  1879 | D:2      | Reached XP level 5. HP: 14/41 MP: 5/5
  2386 | D:3      | Reached skill level 9 in Bows
  2639 | D:3      | Found a snail-covered altar of Cheibriados.
  2805 | D:3      | HP: 1/41 [orc/short sword (4)]
  2806 | D:3      | Slain by an orc

Vault maps used:
D:1:      elethiomel_arrival_shortcut
D:2:      old_standard_altar, uniq_natasha
D:3:      marbit_many_paths, portal_sewer_entry_e, first_bread, st_stairs_10

Skill      XL: |  1  2  3  4  5 |
---------------+----------------+-----
Bows           | 6 7 8 9 |  9.2
Fighting       | |  2.0
Dodging        | |  1.3
Stealth        | |  0.4

Action                   |  1- 3 |  4- 6 || total
-------------------------+-------+-------++-------
Melee: Unarmed           |    17 |       ||    17
       Kick              |    26 |    10 ||    36
       Short sword       |    65 |    69 ||   134
 Fire: Shortbow          |    64 |    54 ||   118
  Eat: Chunk             |     1 |     4 ||     5
Armor: Leather armour    |    54 |       ||    54
       Robe              |     1 |    58 ||    59
Dodge: Dodged            |    52 |    80 ||   132
